 Dungeon Crawl Stone Soup version 0.30-a0-368-g86fb4627a9 (webtiles) character file.

Game seed: 12975793394619208470

123 ryw the Trooper (level 4, -2/39 HPs)
             Began as a Demonspawn Monk on Nov 19, 2022.
             Slain by an iguana (12 damage)
             ... on level 4 of the Dungeon.
             The game lasted 00:06:04 (3441 turns).

ryw the Trooper (Demonspawn Monk)                   Turns: 3441, Time: 00:06:05

Health: -2/39      AC:  3    Str: 12    XL:     4   Next: 80%
Magic:  4/4        EV: 13    Int: 13    God:
Gold:   210        SH:  0    Dex: 15    Spells: 3/3 levels left

rFire   . . .      SeeInvis .      - Unarmed
rCold   . . .      Faith    .    (no shield)
rNeg    . . .      Spirit   .    a - +0 robe
rPois   .          Reflect  .    (no helmet)
rElec   .          Harm     .    k - +0 cloak
rCorr   .          Rampage  .    (no gloves)
Will    .....                    (no boots)
Stlth   ++........               (no amulet)
HPRegen 0.26/turn                (no ring)
MPRegen 0.09/turn                (no ring)

@: no status effects
A: powered by death 1
a: no special abilities


You were on level 4 of the Dungeon.
You visited 1 branch of the dungeon, and saw 4 of its levels.

You collected 210 gold pieces.

Inventory:

Missiles
 f - a throwing net (quivered)
Armour
 a - a +0 robe (worn)
 k - a +0 cloak (worn)
Jewellery
 i - a ring of protection from cold
Scrolls
 j - a scroll of enchant armour {unknown}
 n - a scroll of magic mapping {unknown}
Potions
 b - a potion of ambrosia
 c - 3 potions of might
 d - a potion of lignification {unknown}
 e - a potion of curing
 g - a potion of magic {unknown}
 h - 4 potions of flight
 l - a potion of mutation {unknown}
 m - 2 potions of brilliance {unknown}


   Skills:
 + Level 5.2 Fighting
 + Level 3.0 Dodging
 - Level 1.7 Stealth
 - Level 3.0 Unarmed Combat


You had 3 spell levels left.
You didn't know any spells.
Your spell library contained the following spells:

 Spells                   Type           Power      Damage    Failure   Level
 Apportation              Tloc           0%         N/A       30%         1
 Dazzling Flash           Conj/Hex       0%         N/A       67%         3
 Portal Projectile        Hex/Tloc       0%         N/A       67%         3
 Tukima's Dance           Hex            0%         N/A       67%         3
 Iskenderun's Mystic Bla  Conj/Tloc      0%         2d3       97%         4
 Alistair's Intoxication  Tmut/Pois      0%         N/A       100%        5
 Blade Hands              Tmut           0%         N/A       100%        5
 Starburst                Conj/Fire      0%         6d3       100%        6


Dungeon Overview and Level Annotations

Branches:
Dungeon (4/15)
 Temple: D:4-7

Altars:
Nemelex Xobeh

Shops:
D:2 *   D:4 *


Innate Abilities, Weirdness & Mutations

You regenerate a little health from kills.


Message History

The iguana barely misses you.
You hit the iguana but do no damage.
The iguana is moderately wounded.
The iguana misses you.
You barely miss the iguana. Your punch misses the iguana.
The iguana is moderately wounded.
The iguana bites you!
You closely miss the iguana.
The iguana is moderately wounded.
The iguana closely misses you.
You hit the iguana.
The iguana is heavily wounded.
The iguana barely misses you.
You hit the iguana.
The iguana is heavily wounded.
The iguana bites you!
You barely miss the iguana.
The iguana is heavily wounded.
You hit the iguana but do no damage.
The iguana is heavily wounded.
The iguana bites you!
You are too injured to fight recklessly!
You are too injured to fight recklessly!
You hit the iguana.
The iguana is almost dead.
The iguana barely misses you.
You closely miss the iguana.
The iguana is almost dead.
The iguana bites you!
* * * LOW HITPOINT WARNING * * *
You hit the iguana but do no damage.
The iguana is almost dead.
The iguana bites you.
* * * LOW HITPOINT WARNING * * *
The iguana attacks as you move away! The iguana barely misses you.
You feel better. The iguana barely misses you.
You hit the iguana but do no damage.
The iguana is almost dead.
The iguana bites you!
You die...

######## #.#....#
#......# #.#....#
#####......###......#
..).................##
#####......###.####..##
######## #.#.......
#.....# #.....# #..@..#
#.l...# #.....#
.......# #####.### #.#
#.# #.# .#


You could see an iguana.

Vanquished Creatures
  An iguana (D:4)
  3 adders
  A dart slug (D:3)
  4 worms (D:2)
  3 orcs (D:4)
  6 endoplasms
  2 giant cockroaches
  A goblin (D:1)
  5 hobgoblins
  8 jackals
  3 kobolds
  A quokka (D:2)
  7 ball pythons
  3 bats (D:1)
  A frilled lizard (D:1)
  3 rats
52 creatures vanquished.

Notes
Turn   | Place    | Note
-------+----------+-------------------------------------------
     0 | D:1      | ryw the Demonspawn Monk began the quest for the Orb.
     0 | D:1      | Reached XP level 1. HP: 18/18 MP: 1/1
   205 | D:1      | Found a faded altar of an unknown god.
   217 | D:1      | Gained mutation: You regenerate a little health from kills.
                  | [demonic ancestry]
   217 | D:1      | Reached XP level 2. HP: 22/24 MP: 2/2
  1259 | D:2      | Reached XP level 3. HP: 30/30 MP: 3/3
  1415 | D:2      | Reached skill level 4 in Fighting
  1635 | D:2      | Found Oxoagoew's General Store.
  2732 | D:3      | Reached XP level 4. HP: 22/38 MP: 4/4
  3100 | D:3      | Found a sparkling altar of Nemelex Xobeh.
  3223 | D:4      | Found Meifubb's Assorted Antiques.
  3346 | D:4      | Reached skill level 5 in Fighting
  3441 | D:4      | Slain by an iguana

Illustrated notes

Levels and vault maps discovered:
D:1:      saegor_arrival_fortress, layout_basic,
          hellmonk_ecumenical_altar_pennies_from_heaven
D:2:      layout_basic, serial_shops, nicolae_shop_competitors_out_of_business,
          chequers_serial_rivers_micro_d, kennysheep_generic_room_16
D:3:      layout_basic, tso_oasis_becter, nemelex_altar_shiori
D:4:      layout_basic, serial_shops, kennysheep_mini_moat, minmay_ogre_servants

Skill      XL: |  1  2  3  4 |
---------------+-------------+-----
Dodging        | 3 |  3.0
Unarmed Combat | 3 |  3.0
Fighting       | 4 5 |  5.2
Stealth        | |  1.7

Action                   |  1- 3 |  4- 6 || total
-------------------------+-------+-------++-------
Melee: Unarmed           |   206 |    76 ||   282
       Punch             |     9 |     1 ||    10
Throw: Throwing net      |     2 |       ||     2
  Use: Scroll            |     5 |     1 ||     6
       Potion            |       |     1 ||     1
 Stab: Sleeping          |     4 |     1 ||     5
       Held in net/web   |     1 |       ||     1
Armor: Robe              |    50 |     8 ||    58
Dodge: Dodged            |   118 |    40 ||   158

Table legend: (Time is in decaauts)
 A = Elapsed time spent in this place.
 B = Non-inter-level travel time spent in this place.
 C = Inter-level travel time spent in this place.
 D = Time resting spent in this place.
 E = Time spent auto-exploring this place.
 F = Levels seen in this place.
 G = Mean time per level.
                   A        B        C        D        E       F      G
               +--------+--------+--------+--------+--------+-----+--------+
         Total |   3425 |   3248 |    177 |    300 |   2388 |   4 |  856.2 |
       Dungeon |   3425 |   3248 |    177 |    300 |   2388 |   4 |  856.2 |
               +--------+--------+--------+--------+--------+-----+--------+

Top non-repeatable levels by time:
     D:2: 1359 daAuts
     D:1: 1035 daAuts
     D:3: 793 daAuts
     D:4: 236 daAuts
